 Dungeon Crawl Stone Soup version 0.26-a0-1102-g347fe5baa7 (webtiles) character file.

Game seed: 13305084790713255708

611 stormannn the Sneak (level 7, -7/46 HPs)
             Began as a Vampire Necromancer on Dec 15, 2020.
             Mangled by an ogre
             ... wielding a +0 giant spiked club
              (27 damage)
             ... on level 5 of the Dungeon.
             The game lasted 00:09:09 (4937 turns).

stormannn the Sneak (Vampire Necromancer)           Turns: 4937, Time: 00:09:12

Health: -7/46      AC:  2    Str:  7    XL:     7   Next: 20%
Magic:  1/14       EV: 18    Int: 26    God:
Gold:   259        SH:  0    Dex: 14    Spells: 6/15 levels left

rFire    . . .     SeeInvis +   (no weapon)
rCold    . . .     Faith    .   (no shield)
rNeg     . . .     Spirit   .   a - +0 robe
rPois    .         Reflect  .   (no helmet)
rElec    .         Harm     .   (no cloak)
rCorr    .         Rampage  .   (no gloves)
Will     .....                  (no boots)
Stlth    +++.......             v - amulet of regeneration
HPRegen  0.75/turn              g - +6 ring of intelligence
MPRegen  0.14/turn              i - +4 ring of evasion

@: regenerating quickly
A: fangs 3, see invisible, unbreathing
a: Exsanguinate


You were on level 5 of the Dungeon.
You visited 1 branch of the dungeon, and saw 5 of its levels.

You collected 259 gold pieces.

Inventory:

Armour
 a - a +0 robe (worn)
 o - a +2 tower shield
Jewellery
 g - a +6 ring of intelligence (left hand)
 i - a +4 ring of evasion (right hand)
 n - an uncursed ring of see invisible {unknown}
 v - an amulet of regeneration (around neck)
Scrolls
 c - 5 scrolls of remove curse
 d - 3 scrolls of identify
 h - a scroll of blinking
 j - 2 scrolls of immolation {unknown}
 p - a scroll of fear {unknown}
 q - a scroll of noise {unknown}
 s - a scroll of fog {unknown}
 x - a scroll of teleportation {unknown}
Potions
 b - 2 potions of haste {unknown}
 e - 3 potions of lignification {unknown}
 f - 3 potions of curing {unknown}
 k - a potion of invisibility {unknown}
 l - 2 potions of might {unknown}
 m - 2 potions of mutation {unknown}
 r - 2 potions of cancellation {unknown}
 t - a potion of brilliance {unknown}
 u - 2 potions of flight {unknown}
 w - a potion of magic {unknown}


   Skills:
 + Level 4.3 Dodging
 + Level 6.1 Stealth
 * Level 4.8 Spellcasting
 + Level 5.8 Necromancy


You had 6 spell levels left.
You knew the following spells:

 Your Spells              Type           Power        Failure   Level
a - Pain                  Necr           ####         1%          1
b - Animate Skeleton      Necr           #####.       1%          1
c - Vampiric Draining     Necr           #####.....   2%          3
d - Animate Dead          Necr           #####.....   7%          4

Your spell library contained the following spells:

 Spells                   Type           Power        Failure   Level
 Agony                    Necr           #####...     21%         5


Dungeon Overview and Level Annotations

Branches:
Dungeon (5/15)
 Temple: D:4-7

Altars:
Ashenzari
Cheibriados
Nemelex Xobeh
Sif Muna
Beogh

Annotations:
D:4 3 runed translucent doors, Clumpoid's ghost, amateur GnWn


Innate Abilities, Weirdness & Mutations

Your natural rate of healing is unusually fast.
You have razor-sharp teeth.
You have supernaturally acute eyesight. (SInv)
You can survive without breathing.


Message History

The gnoll writhes in agony!
You kill the gnoll!
The ufetubus barely misses you. The ufetubus completely misses you.
Casting: Pain (safe; 1% risk of failure)
Confirm with . or Enter, or press ? or * to list all spells.
Okay, then.
Unknown command.
The ufetubus closely misses you.
The ufetubus hits you but does no damage.
You see here a +0 halberd of protection.
Things that are here:
a +0 whip; a gnoll corpse The ufetubus closely misses you. x2
Blink to where?
Press: ? - help, Dir - move target
As you read the scroll labelled REHOIS QEJAT, it crumbles to dust.
It was a scroll of blinking.
The ogre hits you with a +0 giant spiked club!!
Ouch! That really hurt!
You die...

#.# ##.# ..
#<.##....
#.....Z..
###.######.
#.....#
#####.# #.#
#@#######
#.O5ยง...#
#######.#


You could see an ogre and an ufetubus.

Vanquished Creatures
  Sigmund (D:3)
  A howler monkey (D:4)
  A bullfrog zombie (D:4)
  2 orc wizards (D:4)
  2 worker ants (D:4)
  Robin (D:3)
  13 gnolls
  5 adders
  A worm (D:2)
  4 dart slugs
  7 leopard geckos
  2 orcs
  11 bats
  A giant cockroach (D:1)
  11 goblins
  10 hobgoblins
  4 jackals (D:4)
  6 kobolds
  A quokka (D:2)
  A ball python (D:3)
  4 frilled lizards
  5 rats
94 creatures vanquished.

Vanquished Creatures (collateral kills)
  A goblin (D:3)
  A kobold (D:3)
2 creatures vanquished.

Vanquished Creatures (others)
  3 orcs (D:4)
  A leopard gecko skeleton (D:4)
4 creatures vanquished.

Grand Total: 100 creatures vanquished

Notes
Turn   | Place    | Note
-------+----------+-------------------------------------------
     0 | D:1      | stormannn the Vampire Necromancer began the quest for the
                  | Orb.
     0 | D:1      | Reached XP level 1. HP: 13/13 MP: 3/3
   352 | D:1      | Reached XP level 2. HP: 16/19 MP: 0/5
  1156 | D:2      | Reached XP level 3. HP: 22/24 MP: 2/6
  1388 | D:2      | Found a sparkling altar of Nemelex Xobeh.
  1510 | D:2      | Reached skill level 4 in Stealth
  1544 | D:2      | Found a snail-covered altar of Cheibriados.
  1748 | D:2      | Reached XP level 4. HP: 28/30 MP: 5/8
  2213 | D:2      | Found a faded altar of an unknown god.
  2325 | D:2      | Learned a level 1 spell: Animate Skeleton
  2329 | D:2      | Learned a level 3 spell: Vampiric Draining
  2334 | D:2      | Learned a level 4 spell: Animate Dead
  2562 | D:3      | Found a broken altar of Ashenzari.
  2834 | D:3      | Noticed Robin
  2848 | D:3      | Killed Robin
  2927 | D:3      | Reached skill level 5 in Necromancy
  2972 | D:3      | Noticed Sigmund
  2992 | D:3      | Killed Sigmund
  2993 | D:3      | Reached skill level 5 in Stealth
  2993 | D:3      | Reached XP level 5. HP: 19/35 MP: 2/11
  2993 | D:3      | Reached XP level 6. HP: 23/41 MP: 2/12
  3586 | D:4      | Found a shimmering blue altar of Sif Muna.
  4153 | D:4      | Reached skill level 6 in Stealth
  4153 | D:4      | Reached XP level 7. HP: 35/46 MP: 7/14
  4743 | D:4      | Found a runed translucent gate.
  4743 | D:4      | Found a runed translucent gate.
  4744 | D:4      | Found a runed translucent gate.
  4752 | D:4      | Identified the +5 dagger "Upykacw" {vorpal, rElec rPois
                  | Will- Str+5}
  4757 | D:4      | Noticed Clumpoid's ghost (amateur GnWn)
  4758 | D:4      | Found a roughly hewn altar of Beogh.
  4909 | D:5      | Entered Level 5 of the Dungeon
  4937 | D:5      | Mangled by an ogre

Illustrated notes

Levels and vault maps discovered:
D:1:      minmay_arrival_four_loops, layout_loops_ring, st_stairs_11
D:2:      layout_loops_ring, nemelex_xobeh_ov_fountains_minmay,
          marbit_many_paths, chequers_ecumenical_altar_lobes, st_stairs_10
D:3:      layout_basic, cheibrodos_ashenzari_chains, st_stairs_5, uniq_sigmund,
          uniq_robin
D:4:      layout_cave_pods, led_sif_book, biasface_ghost_orc_armoury,
          lemuel_old_faithful
D:5:      layout_basic, nicolae_overflow_crystal_walls,
          nicolae_overflow_hidden_temple, fedhas_ov_isle_minmay, uniq_grinder

Skill      XL: |  1  2  3  4  5  6 |
---------------+-------------------+-----
Stealth        | 4 5 6 |  6.1
Spellcasting   | 4 |  4.8
Dodging        | 3 4 |  4.3
Necromancy     | 5 |  5.8

Action                   |  1- 3 |  4- 6 |  7- 9 || total
-------------------------+-------+-------+-------++-------
Melee: Unarmed           |     1 |    29 |       ||    30
       Bite              |       |     5 |       ||     5
 Cast: Pain              |    68 |   116 |    28 ||   212
       Animate Skeleton  |       |    13 |     1 ||    14
  Use: Scroll            |       |       |     3 ||     3
Armor: Robe              |     1 |     1 |     2 ||     4
Dodge: Dodged            |     9 |    46 |    54 ||   109

Table legend: (Time is in decaauts)
 A = Elapsed time spent in this place.
 B = Non-inter-level travel time spent in this place.
 C = Inter-level travel time spent in this place.
 D = Time resting spent in this place.
 E = Time spent auto-exploring this place.
 F = Levels seen in this place.
 G = Mean time per level.
                   A        B        C        D        E       F      G
               +--------+--------+--------+--------+--------+-----+--------+
         Total |   4936 |   4748 |    188 |   1070 |   2878 |   5 |  987.2 |
       Dungeon |   4936 |   4748 |    188 |   1070 |   2878 |   5 |  987.2 |
               +--------+--------+--------+--------+--------+-----+--------+

Top non-repeatable levels by time:
     D:4: 1400 daAuts
     D:2: 1183 daAuts
     D:3: 1174 daAuts
     D:1: 1150 daAuts
     D:5: 27 daAuts
